 Dungeon Crawl Stone Soup version 0.28-a0-1510-gd0f6b136d3 (webtiles) character file.

Game seed: 6478035928597135823

171 tatocazan the Covered (level 5, 0/33 HPs)
             Began as a Gargoyle Fighter on Jan 15, 2022.
             Slain by a gnoll (6 damage)
             ... on level 2 of the Dungeon.
             The game lasted 00:02:41 (2207 turns).

tatocazan the Covered (Gargoyle Fighter)            Turns: 2207, Time: 00:02:42

Health: 0/33       AC: 13    Str: 22    XL:     5   Next: 51%
Magic:  5/5        EV:  7    Int:  8    God:
Gold:   59         SH:  4    Dex:  9    Spells: 4/4 levels left

rFire   . . .      SeeInvis .   a - +0 flail
rCold   . . .      Faith    .   c - +0 buckler
rNeg    + . .      Spirit   .   g - +0 chain mail
rPois   ∞          Reflect  .   (no helmet)
rElec   +          Harm     .   (no cloak)
rCorr   .          Rampage  .   (no gloves)
Will    .....                   (no boots)
Stlth   ..........              (no amulet)
HPRegen 0.11/turn               (no ring)
MPRegen 0.09/turn               (no ring)

@: no status effects
A: sickness immunity, AC +4, negative energy resistance 1, electricity
resistance, torment resistance 1, petrification resistance
a: no special abilities


You were on level 2 of the Dungeon.
You visited 1 branch of the dungeon, and saw 2 of its levels.

You collected 59 gold pieces.

Inventory:

Hand Weapons
 a - a +0 flail (weapon)
Armour
 b - a +0 scale mail
 c - a +0 buckler (worn)
 e - a scarf of shadows
 g - a +0 chain mail (worn)
 i - a +0 crystal plate armour
Wands
 k - a wand of polymorph (7)
Scrolls
 f - a scroll of enchant weapon {unknown}
 j - a scroll of silence {unknown}
 l - a scroll of vulnerability {unknown}
 m - a scroll of amnesia {unknown}
 o - a scroll of immolation {unknown}
 q - a scroll of teleportation {unknown}
 r - a scroll of noise {unknown}
 s - a scroll of identify {unknown}
Potions
 d - a potion of might
 h - a potion of berserk rage {unknown}
 n - 2 potions of lignification {unknown}
 p - a potion of curing {unknown}
 t - a potion of brilliance {unknown}


   Skills:
 + Level 4.1 Fighting
 * Level 3.4 Maces & Flails
 * Level 4.6 Armour
 + Level 4.0 Shields


You had 4 spell levels left.
You didn't know any spells.
Your spell library contained the following spells:

 Spells                   Type           Power      Damage    Failure   Level
 Summon Small Mammal      Summ           0%         N/A       99%         1
 Blink                    Tloc           0%         N/A       100%        2
 Call Canine Familiar     Summ           0%         N/A       100%        3
 Gell's Gravitas          Tloc           0%         N/A       100%        3
 Lesser Beckoning         Tloc           0%         N/A       100%        3
 Portal Projectile        Hex/Tloc       0%         N/A       100%        3
 Summon Guardian Golem    Hex/Summ       0%         N/A       100%        3
 Teleport Other           Tloc           0%         N/A       100%        3
 Blade Hands              Tmut           0%         N/A       100%        5
 Excruciating Wounds      Necr           0%         N/A       100%        5
 Manifold Assault         Tloc           0%         N/A       100%        5
 Dispersal                Tloc           0%         N/A       100%        6


Dungeon Overview and Level Annotations

Branches:
Dungeon (2/15)

Altars:
Dithmenos


Innate Abilities, Weirdness & Mutations

You are immune to sickness and miasma.
Your stone body is resilient. (AC +4)
You are immune to poison.
You resist negative energy. (rN+)
You are resistant to electric shocks. (rElec)
You are resistant to unholy torment.
You are immune to petrification.


Message History

You barely miss the gnoll.
The gnoll is heavily wounded.
The gnoll hits you with a +0 club.
You take 2 damage, and have 17/33 hp.
You sock the gnoll!
You kill the gnoll!
Things that are here:
a +0 club; a +0 flail; a gnoll corpse You start resting.
A gnoll comes into view. It is wielding a +0 halberd.
You regained 3 hp, and now have 20/33 hp.
A gnoll is nearby!
A gnoll is nearby!
A gnoll is nearby!
A gnoll is nearby!
The gnoll shouts!
The gnoll completely misses you. The gnoll hits you but does no damage.
You closely miss the gnoll. The gnoll hits you but does no damage.
The gnoll barely misses you.
You closely miss the gnoll. The gnoll hits you with a +0 halberd!
You take 9 damage, and have 11/33 hp.
MASSIVE DAMAGE!!
You barely miss the gnoll. The gnoll hits you with a +0 halberd.
* * * LOW HITPOINT WARNING * * *
You take 2 damage, and have 9/33 hp.
You hit the gnoll.
The gnoll is heavily wounded.
The gnoll barely misses you. x2
You barely miss the gnoll.
The gnoll is heavily wounded.
The gnoll hits you with a +0 halberd.
* * * LOW HITPOINT WARNING * * *
You take 4 damage, and have 5/33 hp.
You hit the gnoll.
The gnoll is heavily wounded.
The gnoll barely misses you.
You barely miss the gnoll.
The gnoll is heavily wounded.
The gnoll hits you but does no damage. The gnoll hits you with a +0 halberd.
You die...

#.....†.'.........'.....
#....#.##.........###...
#.#.##.###.......## #.#.
#......# ##.....## #.#.
#.###### ##...## #...
#.# ##'## #.#. #.# ## .#
#.#. #.# ##g# # #.. #.#
##@# #.# ##.## #.###)##
#..).## #####.# #.# #.#
#.. ###


You could see a gnoll.

Vanquished Creatures
  Natasha (D:2)
  8 gnolls (D:2)
  2 adders (D:2)
  3 worms (D:2)
  2 ball pythons (D:2)
  8 bats
  2 endoplasms (D:1)
  A goblin (D:2)
  3 hobgoblins (D:1)
  4 kobolds
  8 quokkas
  A frilled lizard (D:1)
  3 rats (D:1)
46 creatures vanquished.

Vanquished Creatures (others)
  10 plants (D:2)
10 creatures vanquished.

Grand Total: 56 creatures vanquished

Notes
Turn   | Place    | Note
-------+----------+-------------------------------------------
     0 | D:1      | tatocazan the Gargoyle Fighter began the quest for the Orb.
     0 | D:1      | Reached XP level 1. HP: 14/14 MP: 1/1
   202 | D:1      | Reached XP level 2. HP: 19/19 MP: 2/2
   872 | D:1      | Found a faded altar of an unknown god.
  1057 | D:1      | Reached XP level 3. HP: 23/23 MP: 3/3
  1364 | D:2      | Reached XP level 4. HP: 18/29 MP: 4/4
  1547 | D:2      | Found a shadowy altar of Dithmenos.
  1669 | D:2      | Noticed Natasha
  1677 | D:2      | Killed Natasha
  2065 | D:2      | Reached XP level 5. HP: 33/33 MP: 5/5
  2207 | D:2      | Slain by a gnoll

Illustrated notes

Levels and vault maps discovered:
D:1:      dpeg_arrival_oval, layout_loops_corners, ebering_ecumenical_altar_rust
D:2:      wad_woods_tower, layout_loops_corners, basic_altar,
          minmay_misc_feat_cross, uniq_natasha

Skill      XL: |  1  2  3  4  5 |
---------------+----------------+-----
Armour         | 4 |  4.6
Maces & Flails | 3 |  3.4
Fighting       | 4 |  4.1
Shields        | 4 |  4.0

Action                   |  1- 3 |  4- 6 || total
-------------------------+-------+-------++-------
Melee: Flail             |    99 |    53 ||   152
Armor: Scale mail        |     6 |       ||     6
       Chain mail        |    65 |    28 ||    93
Dodge: Dodged            |    37 |    19 ||    56
Block: Buckler           |    23 |    13 ||    36

Table legend: (Time is in decaauts)
 A = Elapsed time spent in this place.
 B = Non-inter-level travel time spent in this place.
 C = Inter-level travel time spent in this place.
 D = Time resting spent in this place.
 E = Time spent auto-exploring this place.
 F = Levels seen in this place.
 G = Mean time per level.
                   A        B        C        D        E       F      G
               +--------+--------+--------+--------+--------+-----+--------+
         Total |   2260 |   2153 |    107 |    249 |   1522 |   2 | 1130.0 |
       Dungeon |   2260 |   2153 |    107 |    249 |   1522 |   2 | 1130.0 |
               +--------+--------+--------+--------+--------+-----+--------+

Top non-repeatable levels by time:
     D:1: 1160 daAuts
     D:2: 1099 daAuts
